CorruptionsAndSegfaults, neutral female scurrid Tourist ----------------------------------------------------------------------------- | | | | | | | | | | | | ------------- | | | --- | ----- | | ------- --- ----| ------- ------- | | | | |-----------| | | | |-| |.|---- | | |-----| --| |---- |-----| ------- | | | | | | <| | | | s@.|. | | | | | | | | | | | |---| ----- | | |---| | | |---|...| |-| | ------- |-| ----| --- |---- | | | | ----- |---| | | ----| | | |----.|.|.|-- | |-----| |-- |---- |-- |---- | | | | | | | | | | | |...| | | | | | | | | | | | | |>--| ----------- | |-- |---- |.|-| --| | --- | | --| ----| --| ----| | | | | | |-- ----------- | --| ----| | --| --| | |-- | | |-- |---| |-- ----- | | | | | | | | | | | | | | | | | | | | | | | | | | | |---- | | | | ----------- | |-- |-- |---| | | | | --| --| |-----| --| | | | | ----- | | | | ----------- | --| --- ----- | | | | |-- --- ------- |-- | | | | | | | | | | | | ----------------------------------------------------------------------------- CorruptionsAndSegfaults the Rambler Experience level: 2 Strength: 13 Dexterity: 14 Constitution: 14 Intelligence: 10 Wisdom: 8 Charisma: 16 Health: 0(16) Energy: 7(7) Def: 6 Gold: 682 Moves: 97 Dungeon seed: eLSM5u-4Essfdr1E Game ID: CorruptionsAndSegfaults_1498500584 Your Inventory: Coins $ - 682 gold pieces Weapons a - 40 uncursed +2 darts (in quiver) Armor e - an uncursed +0 Hawaiian shirt (being worn) q - an uncursed +2 scale mail (being worn) Comestibles b - 4 uncursed food rations c - an uncursed tripe ration d - an uncursed candy bar f - an uncursed tin of spinach g - an uncursed elder green dragon egg h - an uncursed pancake i - an uncursed fortune cookie Scrolls k - 3 uncursed scrolls of magic mapping y - an uncursed scroll of light Potions j - an uncursed potion of extra healing Wands n - an uncursed wand of secret door detection (0:14) Tools l - an uncursed expensive camera (0:95) m - an uncursed credit card o - an uncursed towel Spells and supernatural/magical abilities: Name Level Category Fail Memory W - pray for help -- divine ? -- Your skills at the end: Miscellaneous Skills wands [Basic] stealth [Basic] Weapon Skills dart [Basic] Spellcasting Skills Final Attributes: You were devoutly aligned. Your writing paw was ok. You had infravision. You were very stealthy. You are dead. Vanquished creatures: a floating eye an acid blob a large kobold 2 sewer rats a lichen 6 creatures vanquished. Voluntary challenges: You went without food. You did not adorn yourself with jewelry or accessories. You did not cause conflict. You were not invisible. You did not have reflection. You were not displaced. You were an atheist. You never hit with a wielded weapon. You did not use containers. You did not apply a unicorn horn. You did not use plumbed fixtures. You read items or engraved 2 times, starting on turn 88. You never genocided any monsters. You never polymorphed an object. You never changed form. You used no wishes. You never split a pudding. You wrote Elbereth's name 1 time, starting on turn 88. You never violated your personal moral code. Dungeon overview: The Dungeons of Doom: levels 1 to 26 Level 1 a long staircase Level 2 Level 3 Level 4 Level 5 Level 6 Level 7 Level 8 Level 9 a long staircase Level 10 Level 11 Level 12 Level 13 Level 14 Level 15 Level 16 Level 17 Level 18 Level 19 Level 20 Level 21 Level 22 Level 23 Level 24 Level 25 many trees Level 26 <- You were here History has recorded: On T:1 you entered the Dungeons of Doom to retrieve the Amulet of Yendor! On T:4 you reached level 2 of The Dungeons of Doom. On T:16 you reached level 4 of The Dungeons of Doom. On T:19 you reached level 5 of The Dungeons of Doom. On T:21 you reached level 6 of The Dungeons of Doom. On T:23 you reached level 7 of The Dungeons of Doom. On T:25 you reached level 8 of The Dungeons of Doom. On T:33 you reached level 9 of The Dungeons of Doom. On T:35 you reached level 10 of The Dungeons of Doom. On T:40 you advanced to experience level 2. On T:46 you reached level 11 of The Dungeons of Doom. On T:48 you reached level 12 of The Dungeons of Doom. On T:57 you reached level 13 of The Dungeons of Doom. On T:59 you reached level 14 of The Dungeons of Doom. On T:61 you reached level 15 of The Dungeons of Doom. On T:61 you entered the Rogue tribute level. On T:64 you reached level 16 of The Dungeons of Doom. On T:66 you reached level 17 of The Dungeons of Doom. On T:68 you reached level 18 of The Dungeons of Doom. On T:70 you reached level 19 of The Dungeons of Doom. On T:73 you reached level 20 of The Dungeons of Doom. On T:75 you reached level 21 of The Dungeons of Doom. On T:77 you reached level 22 of The Dungeons of Doom. On T:79 you reached level 23 of The Dungeons of Doom. On T:82 you reached level 24 of The Dungeons of Doom. On T:84 you reached level 25 of The Dungeons of Doom. On T:88 you reached level 26 of The Dungeons of Doom. Score breakdown: Gold: 298 ( 29 points) Experience: 2 levels ( 100 points) Exploration: 26 levels ( 750 points) Discoveries: 1 item ( 50 points) Variety of kills: 5 monsters ( 250 points) Major goal: (nothing yet) ( 0 points) Survival: died (score multiplied by 3) Total score: 3537 Latest messages: Never mind. Something is written here in the dust. You read: "Elbereth". You see no objects here. As you read the scroll, it disappears. A map coalesces in your mind! The stone golem turns to flee! You start chewing a hole in the rock. You continue digging. You make an opening in the wall. You start chewing a hole in the rock. You continue digging. You make an opening in the wall. You start chewing a hole in the rock. You continue digging. You make an opening in the wall. You claw the giant spider. The giant spider bites! The giant spider's bite was poisoned! You die... Final status: Aloha CorruptionsAndSegfaults the Tourist, killed by a giant spider... You died in The Dungeons of Doom on dungeon level 26 with 3537 points, and 682 pieces of gold, after 97 moves. You were level 2 with a maximum of 16 hit points when you died.